[Event "EYCC Open-U16 2019"]
[Site "Bratislava"]
[Date "2019.08.10"]
[Round "9.47"]
[White "Akulov, Lev"]
[Black "Jirousek, Jan"]
[Result "1/2-1/2"]
[ECO "B13"]
[WhiteElo "2068"]
[BlackElo "1924"]
[Annotator "NA"]
[PlyCount "90"]
[EventDate "2019.08.02"]
[EventType "swiss"]
[EventCountry "SVK"]
[SourceTitle "playchess.com"]
[Source "ChessBase"]
[SourceQuality "1"]
[TimeControl "40/5400+30:1800+30"]

1. e4 c6 2. d4 d5 3. exd5 cxd5 4. Bf4 Nf6 5. c3 Nc6 6. Bd3 g6 7. h3 Bg7 8. Nd2 Bf5 9. Bxf5 gxf5 10. Qb3 Qd7 11. Ndf3 Ne4 12. Ne5 Nxe5 13. dxe5 e6 14. Rd1 Rc8 15. Nf3 O-O 16. O-O Qc7 17. Bh2 Kh8 18. Rfe1 Rg8 19. Re2 Bh6 20. Rd4 Ng5 21. Nxg5 Bxg5 22. Kh1 Rg6 23. f4 Be7 24. Rc2 a6 25. a4 Bc5 26. Rd3 Ba7 27. Rcd2 Rcg8 28. g3 Qc6 29. Rg2 Rh6 30. h4 d4 31. cxd4 Qe4 32. Qd1 Rxh4 33. Qe2 Qxe2 34. Rxe2 Rhg4 35. Kg2 Rxf4 36. d5 exd5 37. Rxd5 Rxa4 38. Rd7 Rb4 39. Rxf7 Re4 40. Rxe4 fxe4 41. Rxb7 Bd4 42. e6 Re8 43. Rb4 Bf6 44. Rxe4 Bxb2 45. Bg1 Kg7 1/2-1/2

[Event "EYCC Open-U16 2019"]
[Site "Bratislava"]
[Date "2019.08.10"]
[Round "9.48"]
[White "Barak, David"]
[Black "Antal, Jakub"]
[Result "1-0"]
[ECO "A59"]
[WhiteElo "2015"]
[BlackElo "1963"]
[Annotator "NA"]
[PlyCount "45"]
[EventDate "2019.08.02"]
[EventType "swiss"]
[EventCountry "SVK"]
[SourceTitle "playchess.com"]
[Source "ChessBase"]
[SourceQuality "1"]
[TimeControl "40/5400+30:1800+30"]

1. d4 Nf6 2. c4 c5 3. d5 b5 4. cxb5 a6 5. bxa6 g6 6. Nc3 Bxa6 7. e4 Bxf1 8. Kxf1 d6 9. Nf3 Bg7 10. g3 O-O 11. Kg2 Nbd7 12. a4 Ra6 13. Qc2 Qa8 14. Ra3 e6 15. Nb5 Rc8 16. dxe6 fxe6 17. Re1 d5 18. exd5 Nxd5 19. Kg1 e5 20. Qe4 N7f6 21. Qc4 e4 22. Ng5 Re8 23. Nc7 1-0